 Dungeon Crawl Stone Soup version 0.22.1-2-g9c5b331 (webtiles) character file.

32 Malhgor the Insei (level 3, 0/26 HPs)
             Began as a Barachi Transmuter on Jan 6, 2019.
             Slain by a kobold
             ... wielding a +0 short sword
              (3 damage)
             ... on level 2 of the Dungeon.
             The game lasted 00:03:53 (1553 turns).

Malhgor the Insei (Barachi Transmuter)              Turns: 1553, Time: 00:03:54

Health: 0/26       AC:  2    Str: 11    XL:     3   Next: 27%
Magic:  6/6        EV: 12    Int: 14    God:
Gold:   36         SH:  0    Dex: 12    Spells: 5/6 levels left

rFire    . . .     SeeInvis .     - Unarmed
rCold    . . .     Gourm    .   (no shield)
rNeg     . . .     Faith    .   b - +0 robe
rPois    .         Spirit   .   (no helmet)
rElec    .         Reflect  .   (no cloak)
rCorr    .         Harm     .   (no gloves)
MR       .....                  (no boots)
Stlth    +.........             (no amulet)
HPRegen  0.08/turn              (no ring)
MPRegen  0.10/turn              (no ring)

@: lethally poisoned (0 -> -1), slow
A: +LOS, swims, slowness 1, strong legs 1
a: Hop


You were on level 2 of the Dungeon.
You were hungry.

You visited 1 branch of the dungeon, and saw 2 of its levels.

You collected 36 gold pieces.

Inventory:

Missiles
 a - 45 arrows
 f - 43 stones (quivered)
Armour
 b - a +0 robe (worn)
Scrolls
 c - 2 scrolls of identify {unknown}
 g - 3 scrolls of teleportation {unknown}
 h - a scroll of remove curse {unknown}
 j - a scroll of fear {unknown}
Potions
 e - a potion of curing {unknown}
 i - a potion of cancellation {unknown}
 k - 2 potions of agility {unknown}
Comestibles
 d - 2 rations


   Skills:
 - Level 1.2 Fighting
 - Level 2.1 Dodging
 + Level 4.1 Unarmed Combat
 - Level 2.1 Spellcasting
 + Level 3.2 Transmutations


You had 5 spell levels left.
You knew the following spells:

 Your Spells              Type           Power        Failure   Level  Hunger
a - Beastly Appendage     Tmut           ##....       6%          1    #......

Your spell library contained the following spells:

 Spells                   Type           Power        Failure   Level  Hunger
 Sticks to Snakes         Tmut           ##......     10%         2    ###....
 Spider Form              Tmut/Pois      #.........   36%         3    ###....
 Ice Form                 Ice/Tmut       #.......     77%         4    #####..
 Blade Hands              Tmut           ##........   86%         5    ######.


Dungeon Overview and Level Annotations

Branches:
Dungeon (2/15)

Altars:

Annotations:
D:1 Done


Innate Abilities, Weirdness & Mutations

Shadows flee at your approach. (+LOS)
You can swim through water.
You cover ground slowly.
You can hop short distances.


Message History

The kobold is severely wounded.
The kobold barely misses you.
You hit the kobold but do no damage. Your headbutt misses the kobold.
The kobold is severely wounded.
The kobold misses you.
You closely miss the kobold.
The kobold is severely wounded.
You feel sick. The kobold barely misses you.
You closely miss the kobold. You headbutt the kobold.
The kobold is severely wounded.
Your horns disappear.
The kobold misses you.
You miss the kobold.
The kobold is severely wounded.
The kobold hits you with a short sword.
* * * LOW HITPOINT WARNING * * *
You hit the kobold but do no damage.
The kobold is heavily wounded.
The kobold hits you with a short sword.
You die...

#.# #.# #.# #.#
###############.###.######.
...........................
........รท######.....######.
########..# ##.#### ##.##
#.# #..# #.# ##@# #.# #K#
#.# #w#####.# #.#...#.#
#(#...#.# #(#...#.# #.#...#
#.#...# #(....#


You could see a worm and a kobold.

Vanquished Creatures
  An adder (D:2)
  2 dart slugs (D:1)
  A bat (D:2)
  2 giant cockroaches (D:1)
  2 goblins (D:1)
  5 hobgoblins (D:1)
  3 kobolds (D:1)
  A frilled lizard (D:1)
  2 rats
19 creatures vanquished.

Notes
Turn   | Place    | Note
-------+----------+-------------------------------------------
     0 | D:1      | Malhgor the Barachi Transmuter began the quest for the Orb.
     0 | D:1      | Reached XP level 1. HP: 15/15 MP: 3/3
   133 | D:1      | Reached XP level 2. HP: 13/21 MP: 3/5
  1491 | D:2      | Reached XP level 3. HP: 26/26 MP: 6/6
  1533 | D:2      | Reached skill level 4 in Unarmed Combat
  1553 | D:2      | Slain by a kobold

Skill      XL: |  1  2  3 |
---------------+----------+-----
Transmutations | 3 |  3.2
Unarmed Combat | 4 |  4.1
Fighting       | |  1.2
Dodging        | |  2.1
Spellcasting   | |  2.1

Action                   || total
-------------------------++-------
Melee: Unarmed           ||    73
       Kick              ||     6
       Punch             ||     1
       Headbutt          ||     4
Throw: Stone             ||     6
 Cast: Beastly Appendage ||    13
 Stab: Sleeping          ||     1
  Eat: Chunk             ||     2
Armor: Robe              ||     3
Dodge: Dodged            ||    35
